 Dungeon Crawl Stone Soup version 0.28.0-53-g5a82cb258f (webtiles) character file.

Game seed: 214383216306901072

24 bnorton916 the Firebug (level 2, -3/15 HPs)
             Began as a Deep Elf Fire Elementalist on July 18, 2022.
             Slain by an iguana (6 damage)
             ... on level 2 of the Dungeon.
             The game lasted 00:01:27 (1569 turns).

bnorton916 the Firebug (Deep Elf Fire Elementalist) Turns: 1569, Time: 00:01:28

Health: -3/15      AC:  2    Str:  5    XL:     2   Next: 79%
Magic:  5/8        EV: 12    Int: 19    God:
Gold:   78         SH:  0    Dex: 15    Spells: 7/8 levels left

rFire   . . .      SeeInvis .   (no weapon)
rCold   . . .      Faith    .   (no shield)
rNeg    . . .      Spirit   .   a - +0 robe
rPois   .          Reflect  .   (no helmet)
rElec   .          Harm     .   (no cloak)
rCorr   .          Rampage  .   (no gloves)
Will    .....                   (no boots)
Stlth   ++........              (no amulet)
HPRegen 0.05/turn               (no ring)
MPRegen 0.11/turn               (no ring)

@: no status effects
A: no striking features
a: no special abilities


You were on level 2 of the Dungeon.
You visited 1 branch of the dungeon, and saw 2 of its levels.

You collected 78 gold pieces.

Inventory:

Missiles
 b - 24 stones
Armour
 a - a +0 robe (worn)
Scrolls
 c - 3 scrolls of vulnerability {unknown}
 d - a scroll of noise {unknown}


   Skills:
 - Level 2.4 Dodging
 - Level 2.4 Stealth
 + Level 3.5 Spellcasting
 + Level 2.0 Conjurations
 + Level 3.7 Fire Magic


You had 7 spell levels left.
You knew the following spells:

 Your Spells              Type           Power      Damage    Failure   Level
a - Foxfire               Conj/Fire      56%        2x1d6     4%          1

Your spell library contained the following spells:

 Spells                   Type           Power      Damage    Failure   Level
 Scorch                   Fire           34%        2d6       4%          2
 Conjure Flame            Conj/Fire      14%        6-21      13%         3
 Inner Flame              Hex/Fire       10%        N/A       21%         3
 Flame Wave               Conj/Fire      14%        2d6       41%         4


Dungeon Overview and Level Annotations

Branches:
Dungeon (2/15)

Altars:

Shops:
D:1 [[[((


Message History

Your foxfire dissipates!
You open the door.
There is an open door here.
You now have 78 gold pieces (gained 13).
You open the door.
There is an open door here.
Found a stone staircase leading down.
There is a stone staircase leading down here.
There is a stone staircase leading down here.
You open the door.
There is an open door here.
There is an open door here.
Found an escape hatch in the ceiling.
There is an escape hatch in the ceiling here.
An iguana comes into view.
The iguana hisses angrily.
You hear a shout!
An iguana is nearby!
An iguana is nearby!
Casting: Foxfire (safe; 4% risk of failure)
Confirm with . or Enter, or press ? or * to list all spells.
You conjure some foxfire!
The iguana barely misses you.
The foxfire hits the iguana but does no damage.
The foxfire hits the iguana.
The iguana is lightly wounded.
The iguana bites you!
Ouch! That really hurt!
* * * LOW HITPOINT WARNING * * *
Casting: Foxfire (safe; 4% risk of failure)
Confirm with . or Enter, or press ? or * to list all spells.
You conjure some foxfire!
The iguana closely misses you.
The foxfire hits the iguana but does no damage.
The iguana is lightly wounded.
The foxfire hits the iguana but does no damage.
The iguana is lightly wounded.
A hobgoblin comes into view.
The iguana misses you.
Casting: Foxfire (safe; 4% risk of failure)
Confirm with . or Enter, or press ? or * to list all spells.
You conjure some foxfire!
The iguana bites you.
You die...

#.# #.# ###.# #....
#.#.# #### ##.#.# ..#
#..... ###v######
#..#.† #gl@.....#
#...## #.#v####.#
#.#.# # #.# #.# #.#.#
#.####.# #.#.##
#...##.# #..... #
###.##.########.##
#.#.#.##.##.......##
###.....##.##.####...#
+.........<......†.#..


You could see an iguana (ally target) and a hobgoblin.

Vanquished Creatures
  A ball python (D:1)
  5 bats
  A giant cockroach (D:1)
  4 goblins
  4 hobgoblins
  4 kobolds (D:1)
  2 rats
21 creatures vanquished.

Vanquished Creatures (collateral kills)
  8 foxfires (D:1)
8 creatures vanquished.

Vanquished Creatures (others)
  A demonic plant (D:1)
  89 foxfires
  A withered plant (D:1)
91 creatures vanquished.

Grand Total: 120 creatures vanquished

Notes
Turn   | Place    | Note
-------+----------+-------------------------------------------
     0 | D:1      | bnorton916 the Deep Elf Fire Elementalist began the quest
                  | for the Orb.
     0 | D:1      | Reached XP level 1. HP: 10/10 MP: 6/6
   172 | D:1      | Found a faded altar of an unknown god.
   421 | D:1      | Found Yxkuxubb's Weapon Shoppe.
   551 | D:1      | Reached XP level 2. HP: 15/15 MP: 5/8
   743 | D:1      | Found Tuojuzuink's Antique Armour Shop.
   752 | D:1      | Found Renohosu's Antique Armour Shop.
  1047 | D:1      | Found Gatuj's Antique Weapon Boutique.
  1104 | D:1      | Found Ubaank's Armour Boutique.
  1569 | D:2      | Slain by an iguana

Illustrated notes

Levels and vault maps discovered:
D:1:      saegor_arrival_simple_a, layout_loops_ring, serial_shops, shop,
          nicolae_lakefront_shop, shop, nicolae_shop_stone, shop,
          shapermc_ecumenical_altar_gd, minivault_26
D:2:      layout_loops_corners

Skill      XL: |  1  2 |
---------------+-------+-----
Conjurations   | 2 |  2.0
Dodging        | |  2.4
Stealth        | |  2.4
Spellcasting   | |  3.5
Fire Magic     | |  3.7

Action                   || total
-------------------------++-------
 Cast: Foxfire           ||    65
Armor: Robe              ||     6
Dodge: Dodged            ||    12
